 Dungeon Crawl Stone Soup version 0.25-a0-458-g6fc7858b95 (webtiles) character file.

Game seed: 12195558816947696552, levelgen mode: deterministic

20 funkygono the Magician (level 2, -5/15 HPs)
             Began as a Deep Elf Wizard on Feb 1, 2020.
             Slain by Sigmund
             ... wielding a +3 vorpal scythe
              (12 damage)
             ... on level 2 of the Dungeon.
             The game lasted 00:03:12 (1257 turns).

funkygono the Magician (Deep Elf Wizard)            Turns: 1257, Time: 00:03:13

Health: -5/15      AC:  4    Str:  4    XL:     2   Next: 58%
Magic:  0/10       EV: 13    Int: 22    God:
Gold:   55         SH:  0    Dex: 13    Spells: 6/11 levels left

rFire    . . .     SeeInvis .   c - +0 short sword
rCold    . . .     Gourm    .   (no shield)
rNeg     . . .     Faith    .   a - +0 robe
rPois    .         Spirit   .   b - +0 hat
rElec    .         Reflect  .   (no cloak)
rCorr    .         Harm     .   (no gloves)
MR       .....                  j - +1 pair of boots
Stlth    ++........             (no amulet)
HPRegen  0.05/turn              (no ring)
MPRegen  0.12/turn              (no ring)

@: very slightly contaminated
A: no striking features
a: no special abilities


You were on level 2 of the Dungeon.
You were not hungry.

You visited 1 branch of the dungeon, and saw 2 of its levels.

You collected 55 gold pieces.

Inventory:

Hand Weapons
 c - a +0 short sword (weapon)
Missiles
 g - 15 stones (quivered)
Armour
 a - a +0 robe (worn)
 b - a +0 hat (worn)
 h - a +0 leather armour
 j - a +1 pair of boots (worn)
Potions
 e - a potion of haste
 f - a potion of curing {unknown}
 l - a potion of invisibility {unknown}
 n - a potion of agility {unknown}
Comestibles
 d - 4 rations


   Skills:
 + Level 2.5 Dodging
 + Level 2.5 Stealth
 + Level 5.2 Spellcasting
 * Level 1.4 Conjurations
 * Level 0.6 Hexes
   Level 1.1 Summonings
 + Level 1.1 Translocations


You had 6 spell levels left.
You knew the following spells:

 Your Spells              Type           Power        Failure   Level  Hunger
a - Magic Dart            Conj           ##..         5%          1    None
b - Slow                  Hex            #.......     12%         2    None
c - Blink                 Tloc           N/A          10%         2    None

Your spell library contained the following spells:

 Spells                   Type           Power        Failure   Level  Hunger
 Call Imp                 Summ           ##......     10%         2    None
 Conjure Flame            Conj/Fire      #.......     22%         3    ##.....
 Mephitic Cloud           Conj/Pois/Air  #.......     24%         3    ##.....


Dungeon Overview and Level Annotations

Branches:
Dungeon (2/15)

Altars:

Annotations:
D:2 Sigmund


Message History

Confirm with . or Enter, or press ? or * to list all spells.
Aiming: Magic Dart (safe; 5% risk of failure)
Press: ? - help, Shift-Dir - straight line, f/p - Sigmund
Aim: Sigmund, wielding a +3 vorpal scythe and wearing a +0 robe (severely wounded)
The magic dart hits Sigmund.
Sigmund is severely wounded.
Sigmund hits you from afar with a +3 vorpal scythe.
Casting: Magic Dart (safe; 5% risk of failure)
Confirm with . or Enter, or press ? or * to list all spells.
Aiming: Magic Dart (safe; 5% risk of failure)
Press: ? - help, Shift-Dir - straight line, f/p - Sigmund
Aim: Sigmund, wielding a +3 vorpal scythe and wearing a +0 robe (severely wounded)
The magic dart hits Sigmund.
Sigmund is severely wounded.
Sigmund gestures wildly while chanting.
Sigmund flickers and vanishes!
Deactivating autopickup; reactivate with Ctrl-A.
Something hits you!
Ouch! That really hurt!
You die...

.#...# .# .....# ##.#
#....# ######...# #....#
#........##[ #..###
$#####.......... ##.##
..............# ....#
..............#
.#..#####.....{........#
.#........#####.@......#
##..###.(# #........#
##......# #........#
#..###.# ##........#
##.###.# #............
#...#.####.#+#######..
####.#.#.#......# .
+....#.#.#...###########.
####...#.#.#.####....<...


There were no monsters in sight!

Vanquished Creatures
  2 dart slugs (D:2)
  A leopard gecko (D:1)
  3 bats
  A giant cockroach (D:1)
  2 goblins
  A hobgoblin (D:1)
  2 kobolds
  2 rats (D:1)
14 creatures vanquished.

Notes
Turn   | Place    | Note
-------+----------+-------------------------------------------
     0 | D:1      | funkygono the Deep Elf Wizard began the quest for the Orb.
     0 | D:1      | Reached XP level 1. HP: 10/10 MP: 7/7
   301 | D:1      | Reached XP level 2. HP: 15/15 MP: 5/9
   305 | D:1      | Learned a level 2 spell: Slow
   308 | D:1      | Learned a level 2 spell: Blink
   853 | D:2      | Reached skill level 5 in Spellcasting
  1246 | D:2      | Noticed Sigmund
  1257 | D:2      | Slain by Sigmund

Levels and vault maps discovered:
D:1:      grunt_arrival_crossed_arrows, layout_basic
D:2:      layout_basic, lemuel_coloured_pillars_altar, roderic_lattice_a,
          minmay_statues_item, uniq_sigmund, uniq_terence

Skill      XL: |  1  2 |
---------------+-------+-----
Spellcasting   | 5 |  5.2
Dodging        | |  2.5
Stealth        | |  2.5
Conjurations   | |  1.4
Hexes          | |  0.6
Summonings     | |  1.1
Translocations | |  1.1

Action                   || total
-------------------------++-------
Melee: Short sword       ||     2
       Unarmed           ||     1
 Cast: Magic Dart        ||    42
       Slow              ||     7
       Blink             ||     1
  Use: Scroll            ||     4
  Eat: Ration            ||     1
Armor: Robe              ||     2
Dodge: Dodged            ||     9

Table legend:
 A = Non-vault XP
 B = Vault XP
 C = Vault XP percentage of total XP
 D = Non-vault monster count
 E = Vault monster count
 F = Vault count percentage of total count
                 A         B        C        D         E       F
            +---------+---------+-------+---------+---------+-------
      Total |      29 |       0 |   0.0 |      14 |       0 |   0.0
            +---------+---------+-------+---------+---------+-------
        D:1 |      17 |       0 |   0.0 |       9 |       0 |   0.0
        D:2 |      12 |       0 |   0.0 |       5 |       0 |   0.0
            +---------+---------+-------+---------+---------+-------
